 Dungeon Crawl Stone Soup version 0.23.0 (webtiles) character file.

Game seed: 10704625998998067552

90 Ihlosi the Slasher (level 4, -3/34 HPs)
             Began as a Human Gladiator on Feb 16, 2019.
             Slain by an orc
             ... wielding a +0 trident
              (4 damage)
             ... on level 3 of the Dungeon.
             The game lasted 00:04:01 (1930 turns).

Ihlosi the Slasher (Human Gladiator)                Turns: 1930, Time: 00:04:01

Health: -3/34      AC:  6    Str: 15    XL:     4   Next: 85%
Magic:  4/4        EV: 13    Int:  8    God:
Gold:   138        SH:  0    Dex: 15    Spells: 3/3 levels left

rFire    . . .     SeeInvis .   a - +0 long sword
rCold    . . .     Gourm    .   (no shield)
rNeg     . . .     Faith    .   b - +0 leather armour
rPois    .         Spirit   .   t - +2 hat
rElec    .         Reflect  .   (no cloak)
rCorr    .         Harm     .   e - +0 pair of gloves
MR       .....                  (no boots)
Stlth    +.........             (no amulet)
HPRegen  0.11/turn              (no ring)
MPRegen  0.09/turn              (no ring)

@: no status effects
A: no striking features
a: no special abilities


You were on level 3 of the Dungeon.
You were not hungry.

You visited 1 branch of the dungeon, and saw 3 of its levels.

You collected 138 gold pieces.

Inventory:

Hand Weapons
 a - a +0 long sword (weapon)
 j - a +0 whip of flaming
 u - a +0 blowgun
Missiles
 d - 3 throwing nets (quivered)
 q - 45 bolts
 v - 11 poisoned needles
Armour
 b - a +0 leather armour (worn)
 c - a +0 helmet
 e - a +0 pair of gloves (worn)
 m - a +0 helmet
 t - a +2 hat (worn)
Scrolls
 k - a scroll of blinking {unknown}
 l - a scroll of random uselessness {unknown}
 o - a scroll of magic mapping {unknown}
 p - a scroll of enchant armour {unknown}
 r - a scroll of teleportation {unknown}
 s - 2 scrolls of identify {unknown}
Potions
 g - a potion of invisibility {unknown}
 h - 2 potions of heal wounds {unknown}
 i - a potion of cancellation {unknown}
 n - 2 potions of berserk rage {unknown}
Comestibles
 f - 5 rations


   Skills:
 * Level 2.4 Fighting
 * Level 4.3 Long Blades
 - Level 2.0 Throwing
 * Level 1.2 Armour
 * Level 3.4 Dodging


You had 3 spell levels left.
You didn't know any spells.
Your spell library was empty.

Dungeon Overview and Level Annotations

Branches:
Dungeon (3/15)

Altars:
Dithmenos
Trog


Message History

You barely miss the orc. The orc misses you. The orc closely misses you.
You barely miss the orc. The orc barely misses you.
The orc hits you but does no damage.
You hit the orc.
The orc is lightly wounded.
The orc closely misses you. The orc hits you but does no damage.
You hit the orc.
The orc is severely wounded.
The orc hits you but does no damage. The orc barely misses you.
You completely miss the orc.
The orc is heavily wounded.
The orc hits you from afar with a +0 trident.
* * * LOW HITPOINT WARNING * * *
The orc hits you with a +0 war axe!
* * * LOW HITPOINT WARNING * * *
You barely miss the orc.
The orc is heavily wounded.
The orc barely misses you. The orc closely misses you.
The orc hits you from afar with a +0 trident.
You die...

#<# #.# #.# #.# #.#
#.# ### #.# ..#
####.########### ..#
#......gooo@...#
..####......#######.#
...........รท#<......#
............#..###..#
............#.(.# ..#
....(.....#.#...##..#
..........#.##...)..#
..........#.....#...#
.................>..#


You could see 3 orcs and a goblin.

Vanquished Creatures
  An orc wizard (D:3)
  An ooze (D:2)
  A dart slug (D:2)
  An orc (D:3)
  A ball python (D:1)
  7 bats
  4 giant cockroaches
  5 hobgoblins
  A quokka (D:2)
  3 frilled lizards
  9 goblins
  6 kobolds
  11 rats
51 creatures vanquished.

Notes
Turn   | Place    | Note
-------+----------+-------------------------------------------
     0 | D:1      | Ihlosi the Human Gladiator began the quest for the Orb.
     0 | D:1      | Reached XP level 1. HP: 16/16 MP: 1/1
   213 | D:1      | Reached XP level 2. HP: 20/22 MP: 2/2
   560 | D:1      | Reached XP level 3. HP: 25/27 MP: 3/3
  1181 | D:2      | Noticed a moth of wrath
  1184 | D:2      | Found a bloodstained altar of Trog.
  1377 | D:2      | Reached XP level 4. HP: 33/33 MP: 4/4
  1387 | D:2      | Reached skill level 4 in Long Blades
  1872 | D:3      | Found a shadowy altar of Dithmenos.
  1887 | D:3      | Reached skill level 1 in Armour
  1929 | D:3      | HP: 1/34 [orc/+0 war axe (7)]
  1930 | D:3      | Slain by an orc

Skill      XL: |  1  2  3  4 |
---------------+-------------+-----
Long Blades    | 4 |  4.3
Armour         | 1 |  1.2
Fighting       | |  2.4
Throwing       | |  2.0
Dodging        | |  3.4

Action                   |  1- 3 |  4- 6 || total
-------------------------+-------+-------++-------
Melee: Long sword        |    94 |    42 ||   136
  Eat: Chunk             |     1 |     2 ||     3
Armor: Leather armour    |    33 |    22 ||    55
Dodge: Dodged            |    84 |    40 ||   124
       Rpst.: Long sword |    19 |     7 ||    26
